[Event "Titled Tuesday Blitz January 25 2022"]
[White "Aaditya Dhingra"]
[Black "Rustemov, Alexander"]
[WhiteFideId "25678191"]
[BlackFideId "4119002"]
[WhiteElo "1789"]
[BlackElo "2733"]
[Result "0-1"]
[Round "01"]
[TimeControl "180+1"]
[Date "2022.01.26"]
[WhiteClock "0:00:09"]
[BlackClock "0:00:40"]

1. e4 e6 2. d4 d5 3. Nc3 Bb4 4. e5 c5 5. a3 Bxc3+ 6. bxc3 Ne7 7. h4 Qc7 8. Nf3 h6 9. h5 b6 10. a4 Ba6 11. Bb5+ Bxb5 12. axb5 a6 13. g4 Qb7 14. bxa6 Rxa6 15. Rb1 Qa7 16. Be3 Nd7 17. Nh4 Ra3 18. Bd2 Qa4 19. O-O Ra2 20. Ra1 O-O 21. Rxa2 Qxa2 22. g5 hxg5 23. Bxg5 Nc6 24. h6 g6 25. Qd3 Qc4 26. Nxg6 Qxd3 27. h7+ Kg7 28. Bh6+ Kxg6 29. Bxf8 Qxf1+ 30. Kxf1 Kxh7 31. Bd6 cxd4 0-1


[Site "https://www.chess.com"]

[Event "Titled Tuesday Blitz January 25 2022"]
[White "Abdrlauf, Elham"]
[Black "Mortazavi, Ali"]
[WhiteFideId "1533533"]
[BlackFideId "401323"]
[WhiteElo "2334"]
[BlackElo "2339"]
[Result "0-1"]
[Round "01"]
[TimeControl "180+1"]
[Date "2022.01.26"]
[WhiteClock "0:00:01"]
[BlackClock "0:00:35"]

1. e4 c6 2. d4 d5 3. Nc3 dxe4 4. Nxe4 Nf6 5. Nxf6+ exf6 6. c3 Bd6 7. Bd3 O-O 8. Qc2 Re8+ 9. Ne2 h5 10. O-O h4 11. Bf4 Be6 12. h3 Na6 13. Rfe1 Nc7 14. Bh7+ Kh8 15. Bf5 Nd5 16. Bd2 Qd7 17. Bxe6 Rxe6 18. c4 Nb4 19. Qf5 g6 20. Qg4 Nc2 21. d5 Re7 22. Qxh4+ Kg8 23. Qxf6 Be5 24. Qf3 Nxa1 25. Rxa1 cxd5 26. cxd5 Bxb2 27. Rb1 Bg7 28. Be3 Rae8 29. g3 Qxh3 30. d6 Rd7 31. Rxb7 Qe6 32. Rxd7 Qxd7 33. Bf4 Be5 34. Qd3 Qxd6 35. Qf3 Qd1+ 36. Kg2 Bxf4 37. Nxf4 Qxf3+ 38. Kxf3 Re5 39. Nd3 Ra5 40. Nc1 Rc5 41. Nb3 Rc2 0-1


[Site "https://www.chess.com"]

[Event "Titled Tuesday Blitz January 25 2022"]
[White "Albornoz Cabrera, Carlos Daniel"]
[Black "Goncalves, Davi Sulzbacher"]
[WhiteFideId "3518736"]
[BlackFideId "2154510"]
[WhiteElo "2490"]
[BlackElo "2107"]
[Result "1/2-1/2"]
[Round "01"]
[TimeControl "180+1"]
[Date "2022.01.26"]
[WhiteClock "0:00:11"]
[BlackClock "0:00:05"]

1. e4 c5 2. Nf3 Nc6 3. Bb5 g6 4. O-O Bg7 5. Bxc6 dxc6 6. d3 Bg4 7. h3 Bxf3 8. Qxf3 Nf6 9. Nc3 Nd7 10. Qe2 e5 11. Be3 Qe7 12. a3 Nf8 13. b4 b6 14. bxc5 bxc5 15. Na4 Ne6 16. Qd2 Nd4 17. Bxd4 cxd4 18. Qb4 Qxb4 19. axb4 Bf8 20. Nb6 Rb8 21. Nc4 f6 22. Rxa7 Bxb4 23. Rc7 O-O 24. Rxc6 Bc3 25. f4 exf4 26. Rxf4 Rb1+ 27. Kh2 Rc1 28. Rf2 Be1 29. Re2 Bb4 30. Nb6 Kg7 31. Nd5 Ba5 32. Rf2 f5 33. exf5 Rxf5 34. Rxf5 gxf5 35. Kg3 Bc3 36. Nxc3 dxc3 37. Rxc3 Kf6 38. Rc4 h5 39. Kf2 h4 40. Rc8 Kg5 41. d4 Kf4 42. Rc3 Ke4 43. d5 Kxd5 44. Rd3+ Ke4 45. Re3+ Kf4 46. Re2 Ra1 47. Rd2 Rc1 48. Ke2 Ke4 49. Kf2 Kf4 50. Rd4+ Ke5 51. Rc4 Kd5 52. Rc8 Ke4 53. Re8+ Kf4 54. Rc8 Ke4 55. Rc4+ Kd5 56. Rxh4 Rxc2+ 57. Kf3 Ke5 58. Rh8 Rc3+ 59. Kf2 Kf4 60. Re8 Rc2+ 61. Re2 Rc3 62. Ra2 Rb3 63. Ra4+ Kg5 64. Rd4 Ra3 65. Rd2 Rb3 66. Re2 Kf4 67. Rc2 Ra3 68. Rc4+ Kg5 69. Rd4 Rb3 70. g3 Ra3 71. h4+ Kh5 72. Rd8 Kg6 73. Rg8+ Kf6 74. Kg2 Ra2+ 75. Kh3 Ra1 76. Rf8+ Kg6 77. Rb8 Rh1+ 78. Kg2 Ra1 79. Rb6+ Kg7 80. Rc6 Ra3 81. Kh3 f4 82. Rc4 Rxg3+ 83. Kh2 Rg4 84. Kh3 Rg3+ 85. Kh2 Rg4 86. h5 Rh4+ 87. Kg2 Kh6 88. Kf3 Kxh5 89. Rxf4 Rxf4+ 90. Kxf4 1/2-1/2


[Site "https://www.chess.com"]

[Event "Titled Tuesday Blitz January 25 2022"]
[White "Andreikin, Dmitry"]
[Black "Dauner, Benedikt"]
[WhiteFideId "4158814"]
[BlackFideId "16225899"]
[WhiteElo "2736"]
[BlackElo "2230"]
[Result "1-0"]
[Round "01"]
[TimeControl "180+1"]
[Date "2022.01.26"]
[WhiteClock "0:00:36"]
[BlackClock "0:00:03"]

1. d4 d5 2. c4 e6 3. Nc3 a6 4. cxd5 exd5 5. Bf4 Nf6 6. e3 c5 7. Nf3 Nc6 8. Be2 cxd4 9. Nxd4 Bc5 10. O-O O-O 11. Nxc6 bxc6 12. Rc1 Be7 13. Na4 Ne4 14. Rxc6 Bd7 15. Rc1 Qa5 16. Nc3 Nxc3 17. Rxc3 Bf6 18. Ra3 Qc5 19. Rxa6 Rxa6 20. Bxa6 Bxb2 21. Qb3 Bf6 22. Rd1 Be6 23. Qb5 Qc2 24. Qb1 Qa4 25. Bb5 Qa5 26. a4 Rc8 27. h3 h6 28. Bd6 Qc3 29. Bb4 Qc7 30. Ba3 Be5 31. Rc1 Qd8 32. Rxc8 Qxc8 33. Bb2 Bb8 34. Qc1 Qd8 35. Qc3 Qg5 36. Kf1 f6 37. Be2 Be5 38. Qb4 Kh7 39. Bd3+ Bf5 40. Bxf5+ Qxf5 41. Bxe5 fxe5 42. Kg1 Qb1+ 43. Qxb1+ 1-0


[Site "https://www.chess.com"]

[Event "Titled Tuesday Blitz January 25 2022"]
[White "Babazada, Khazar"]
[Black "Pajeken, Jakob Leon"]
[WhiteFideId "13413554"]
[BlackFideId "12942839"]
[WhiteElo "2418"]
[BlackElo "2351"]
[Result "0-1"]
[Round "01"]
[TimeControl "180+1"]
[Date "2022.01.26"]
[WhiteClock "0:00:01"]
[BlackClock "0:01:19"]

1. e4 e5 2. Nc3 Nf6 3. Nf3 Nc6 4. Be2 g6 5. O-O Bg7 6. d3 O-O 7. h3 h6 8. a3 d5 9. b4 a6 10. Bb2 Be6 11. Nd2 Qd7 12. exd5 Nxd5 13. Nde4 b6 14. Nxd5 Bxd5 15. f4 f5 16. Nd2 exf4 17. Bxg7 Qxg7 18. Rxf4 g5 19. Rf1 Nd4 20. Bf3 Rad8 21. Bxd5+ Rxd5 22. Nc4 Re8 23. Re1 Rdd8 24. c3 Nc6 25. Qf3 Rxe1+ 26. Rxe1 Qxc3 27. Re6 Nd4 28. Rg6+ Kh7 29. Qh5 Qc1+ 30. Kh2 g4 31. hxg4 Ne2 32. Qxf5 Qg1+ 0-1


[Site "https://www.chess.com"]

[Event "Titled Tuesday Blitz January 25 2022"]
[White "Bacrot, Etienne"]
[Black "Urbina Perez, Juan Antonio"]
[WhiteFideId "605506"]
[BlackFideId "2217368"]
[WhiteElo "2673"]
[BlackElo "2192"]
[Result "0-1"]
[Round "01"]
[TimeControl "180+1"]
[Date "2022.01.26"]
[WhiteClock "0:00:05"]
[BlackClock "0:00:06"]

1. d4 d5 2. Nf3 Nf6 3. Bf4 e6 4. e3 Bd6 5. Nbd2 c5 6. Bb5+ Nc6 7. Ne5 Bxe5 8. dxe5 Nd7 9. Qg4 Kf8 10. Bxc6 bxc6 11. c4 h6 12. h4 Qc7 13. O-O Nxe5 14. Qg3 f6 15. Rac1 Ba6 16. Rfd1 Rc8 17. b3 g5 18. Bxe5 Qxe5 19. Qxe5 fxe5 20. hxg5 hxg5 21. Nf3 e4 22. Nxg5 Ke7 23. Nh3 Rcg8 24. Kh2 Kd6 25. Rd2 e5 26. cxd5 cxd5 27. Rdc2 c4 28. bxc4 Bxc4 29. Rb2 Rb8 30. Rcb1 Rxb2 31. Rxb2 Kc6 32. Kg3 Rg8+ 33. Kh2 d4 34. exd4 exd4 35. Nf4 Rg7 36. Rc2 Kb5 37. g3 d3 38. Rb2+ Kc5 39. Kg2 Kd4 40. Nh5 Rf7 41. Rb1 d2 42. Nf4 Kc3 43. Ng6 Rf5 44. Nh4 Rd5 45. Rd1 Kc2 46. Rxd2+ Kxd2 47. f4 exf3+ 0-1


[Site "https://www.chess.com"]

[Event "Titled Tuesday Blitz January 25 2022"]
[White "Baules Rodriguez, Jorge Luis"]
[Black "Moskalenko, Alexander"]
[WhiteFideId "6600247"]
[BlackFideId "4155351"]
[WhiteElo "2375"]
[BlackElo "2515"]
[Result "1-0"]
[Round "01"]
[TimeControl "180+1"]
[Date "2022.01.26"]
[WhiteClock "0:00:14"]
[BlackClock "0:00:11"]

1. e4 d5 2. exd5 Nf6 3. d4 Bg4 4. Bb5+ Nbd7 5. f3 a6 6. Bd3 Bh5 7. c4 b5 8. b3 Bg6 9. Ne2 Bxd3 10. Qxd3 g6 11. O-O Bg7 12. Nbc3 O-O 13. Bb2 Rb8 14. Rab1 Nb6 15. Rfe1 Re8 16. a4 b4 17. Ne4 a5 18. Nxf6+ Bxf6 19. Ng3 Bg7 20. Re2 Rc8 21. Qe4 e6 22. Rbe1 Qd7 23. dxe6 Rxe6 24. Qd3 Rxe2 25. Rxe2 Re8 26. Ne4 Qd8 27. d5 Bxb2 28. Rxb2 f5 29. Nc5 Re1+ 30. Kf2 Qh4+ 31. g3 Qe7 32. Ne6 Rc1 33. Re2 Qf6 34. Qd4 Qxd4+ 35. Nxd4 Nd7 36. Re7 Nc5 37. Rxc7 Nd3+ 38. Ke3 Nb2 39. d6 Rd1 40. d7 Rd3+ 41. Ke2 Rxd4 42. Rc8+ Kf7 43. d8=Q Rxd8 44. Rxd8 Ke7 45. Rd2 Nxa4 46. bxa4 1-0


[Site "https://www.chess.com"]

[Event "Titled Tuesday Blitz January 25 2022"]
[White "Belenkaya, Dina"]
[Black "Erdogdu, Mert"]
[WhiteFideId "24142654"]
[BlackFideId "6301495"]
[WhiteElo "2196"]
[BlackElo "2485"]
[Result "1-0"]
[Round "01"]
[TimeControl "180+1"]
[Date "2022.01.26"]
[WhiteClock "0:00:11"]
[BlackClock "0:00:01"]

1. Nf3 d5 2. g3 e6 3. Bg2 c5 4. O-O Nc6 5. c4 Nf6 6. d3 Be7 7. Nbd2 O-O 8. e4 dxe4 9. dxe4 Qc7 10. b3 Nd7 11. Bb2 Bf6 12. Qc2 Bxb2 13. Qxb2 b6 14. Rad1 Bb7 15. Rfe1 Rfd8 16. e5 Nf8 17. Ne4 Ng6 18. Nd6 Rd7 19. Ng5 h6 20. Nge4 Ngxe5 21. Nxb7 Qxb7 22. Nxc5 bxc5 23. Qxe5 Nxe5 24. Bxb7 Rxb7 25. Rxe5 Rc7 26. Rd6 a5 27. Rb6 a4 28. Rb5 axb3 29. axb3 Ra3 30. Kg2 g5 31. Kf3 Kg7 32. Kg4 Kg6 33. f4 gxf4 34. Kxf4 Ra2 35. h4 Rf2+ 36. Ke3 Rb2 37. g4 Kf6 38. Rh5 Kg6 39. Kf4 Rd7 40. Rhxc5 Rd4+ 41. Kf3 Rbd2 42. Re5 R2d3+ 43. Re3 Rxe3+ 44. Kxe3 Rxg4 45. h5+ Kf6 46. Rb7 e5 47. c5 Ke6 48. Rb6+ Kd5 49. b4 f5 50. Rxh6 Rxb4 51. c6 Rb3+ 52. Kd2 Rb4 53. Rf6 Ke4 54. h6 Rb8 55. h7 Rh8 56. Rf7 f4 57. c7 Kd5 58. Rd7+ Kc6 59. Rd8 Rxh7 60. c8=Q+ Kb6 61. Qe6+ Kc5 62. Rd5+ Kc4 1-0


[Site "https://www.chess.com"]

[Event "Titled Tuesday Blitz January 25 2022"]
[White "Berezin, Viktor"]
[Black "Evdokimov, Alexander A."]
[WhiteFideId "14107872"]
[BlackFideId "4139275"]
[WhiteElo "2310"]
[BlackElo "2444"]
[Result "1-0"]
[Round "01"]
[TimeControl "180+1"]
[Date "2022.01.26"]
[WhiteClock "0:00:08"]
[BlackClock "0:00:19"]

1. d4 Nf6 2. Nf3 g6 3. g3 Bg7 4. Bg2 O-O 5. O-O d6 6. a4 a5 7. Nc3 d5 8. Ne5 c6 9. e4 dxe4 10. Nxe4 Nxe4 11. Bxe4 Nd7 12. Nf3 Nf6 13. Bd3 Bg4 14. Be2 Nd5 15. c3 Qd6 16. Re1 Rfe8 17. Qb3 Qc7 18. Ne5 Bxe2 19. Rxe2 Qb6 20. Qc2 Qa6 21. Nd3 Rad8 22. Bg5 h6 23. Nc5 Qa7 24. Bd2 e6 25. Rae1 b6 26. Nd3 b5 27. Nc5 Rb8 28. Qc1 Kh7 29. h4 Nb6 30. h5 g5 31. Qc2+ Kg8 32. axb5 cxb5 33. Ne4 Nd5 34. Nc5 Rbc8 35. Qe4 Qa8 36. Qf3 Nb6 37. Qg4 Nc4 38. Bc1 b4 39. f4 f5 40. Qh3 g4 41. Qf1 bxc3 42. bxc3 Rxc5 43. dxc5 Bxc3 44. Rxe6 Bxe1 45. Qxe1 Rd8 46. Rg6+ Kh7 47. Qe7+ 1-0


[Site "https://www.chess.com"]

[Event "Titled Tuesday Blitz January 25 2022"]
[White "Bethke, Richard"]
[Black "Horvath, Dominik"]
[WhiteFideId "12959243"]
[BlackFideId "1642561"]
[WhiteElo "2435"]
[BlackElo "2336"]
[Result "0-1"]
[Round "01"]
[TimeControl "180+1"]
[Date "2022.01.26"]
[WhiteClock "0:01:16"]
[BlackClock "0:01:43"]

1. e4 e5 2. Nf3 Nc6 3. Bc4 Bc5 4. O-O Nf6 5. d3 d6 6. c3 a6 7. Re1 Ba7 8. Nbd2 h6 9. Nf1 g5 10. d4 g4 11. dxe5 gxf3 12. exf6 fxg2 13. Ng3 Qxf6 14. Be3 Ne5 15. Be2 Bxe3 16. fxe3 Bh3 17. Qa4+ Bd7 18. Qb3 O-O-O 19. Kxg2 Qg5 20. Rad1 h5 21. Kh1 h4 22. Nf5 Bc6 23. Rd5 Rdg8 0-1


[Site "https://www.chess.com"]

[Event "Titled Tuesday Blitz January 25 2022"]
[White "Bettalli, Francesco"]
[Black "Samadov, Read"]
[WhiteFideId "2816453"]
[BlackFideId "13417444"]
[WhiteElo "2216"]
[BlackElo "2084"]
[Result "0-1"]
[Round "01"]
[TimeControl "180+1"]
[Date "2022.01.26"]
[WhiteClock "0:01:21"]
[BlackClock "0:00:26"]

1. d4 Nf6 2. Nc3 d5 3. Bf4 a6 4. e3 c5 5. dxc5 Nc6 6. a3 e5 7. Bg5 Be6 8. b4 Be7 9. Nf3 h6 10. Bxf6 Bxf6 11. Be2 O-O 12. O-O e4 13. Nd4 Bxd4 14. exd4 Qf6 15. Na4 Nxd4 16. Nb6 Rad8 17. Qd2 Qe5 18. Rfd1 Nc6 19. c3 f5 20. f4 Qf6 21. Qe3 g5 22. g3 g4 23. Rd2 d4 24. cxd4 Rxd4 25. Rad1 Rfd8 26. Rxd4 Nxd4 27. Kf2 Bf7 28. Bc4 Nf3 29. Bxf7+ Kxf7 30. Qb3+ Kg7 31. Nc4 Rd4 32. Nd6 Kh7 33. Kg2 Rxd1 34. Qxd1 Qb2+ 35. Kf1 Nxh2+ 36. Kg1 Nf3+ 37. Kf1 e3 38. Qe2 Qc1+ 0-1


[Site "https://www.chess.com"]

[Event "Titled Tuesday Blitz January 25 2022"]
[White "Bluebaum, Matthias"]
[Black "Babiy, Olga"]
[WhiteFideId "24651516"]
[BlackFideId "14117258"]
[WhiteElo "2550"]
[BlackElo "2252"]
[Result "1-0"]
[Round "01"]
[TimeControl "180+1"]
[Date "2022.01.26"]
[WhiteClock "0:01:45"]
[BlackClock "0:00:22"]

1. d4 d5 2. c4 dxc4 3. e4 Nf6 4. e5 Nd5 5. Bxc4 Nb6 6. Bd3 Nc6 7. Be3 Be6 8. Nc3 Qd7 9. Nge2 Nb4 10. Be4 N4d5 11. a4 a5 12. O-O f5 13. Bf3 O-O-O 14. Rc1 Kb8 15. Nf4 Nxf4 16. Bxf4 Nd5 17. Nxd5 Bxd5 18. e6 Bxe6 19. Rxc7 Qxc7 20. Bxc7+ Kxc7 21. d5 Bd7 22. Qb3 e5 23. d6+ Kxd6 24. Qd5+ Ke7 25. Qxe5+ 1-0


[Site "https://www.chess.com"]

[Event "Titled Tuesday Blitz January 25 2022"]
[White "Boros, Denes"]
[Black "Horak, Martin"]
[WhiteFideId "722340"]
[BlackFideId "367095"]
[WhiteElo "2464"]
[BlackElo "1997"]
[Result "1-0"]
[Round "01"]
[TimeControl "180+1"]
[Date "2022.01.26"]
[WhiteClock "0:00:18"]
[BlackClock "0:00:02"]

1. d4 Nf6 2. Nc3 d5 3. Bf4 a6 4. Nf3 e6 5. e3 c5 6. a3 Nc6 7. Bd3 Bd6 8. dxc5 Bxc5 9. O-O Nh5 10. Bg5 Be7 11. Bxe7 Qxe7 12. e4 dxe4 13. Nxe4 Nf4 14. Bc4 O-O 15. Qd2 e5 16. Qd6 Qxd6 17. Nxd6 Be6 18. g3 Bxc4 19. Nxc4 Ng6 20. Nd6 Rfd8 21. Rad1 Rd7 22. Ng5 Rad8 23. Ngxf7 Rxf7 24. Nxf7 Kxf7 25. Rxd8 Nxd8 26. Rd1 Ke7 27. h4 Nf8 28. Kg2 Nc6 29. c3 Ke6 30. Kf3 Nd7 31. Ke3 h5 32. Kf3 Nf6 33. Rd2 b5 34. Rd1 Nd5 35. g4 e4+ 36. Kxe4 Nf6+ 37. Kf4 hxg4 38. Re1+ Kd5 39. Kf5 Na5 40. Kg6 Ne4 41. Kxg7 Nc4 42. h5 Nxb2 43. h6 Ng5 44. Rg1 1-0


[Site "https://www.chess.com"]

[Event "Titled Tuesday Blitz January 25 2022"]
[White "Bryakin, Mikhail"]
[Black "Fiorito, Fabian"]
[WhiteFideId "4165314"]
[BlackFideId "100200"]
[WhiteElo "2421"]
[BlackElo "2395"]
[Result "1-0"]
[Round "01"]
[TimeControl "180+1"]
[Date "2022.01.26"]
[WhiteClock "0:00:25"]
[BlackClock "0:00:30"]

1. e4 c5 2. c3 Nf6 3. e5 Nd5 4. d4 cxd4 5. Nf3 Nc6 6. Bc4 Nb6 7. Bb3 d5 8. cxd4 Bg4 9. Be3 e6 10. O-O Be7 11. h3 Bh5 12. Nbd2 O-O 13. Re1 Na5 14. Bc2 Nac4 15. b3 Nxd2 16. Bxd2 Rc8 17. Bd3 Nd7 18. g4 Bg6 19. Qe2 Ba3 20. Kg2 Qb6 21. Rad1 a5 22. h4 Bxd3 23. Qxd3 f5 24. exf6 Nxf6 25. Ng5 Rce8 26. f3 h6 27. Nh3 Nh7 28. Re2 Be7 29. Be1 Qd8 30. h5 Bg5 31. Bg3 Rf7 32. f4 Bh4 33. Bh2 Ref8 34. Rxe6 Nf6 35. Qf3 Ne4 36. f5 Re7 37. Rxe7 Qxe7 38. Nf4 Qd7 39. Ng6 Re8 40. Nxh4 1-0


[Site "https://www.chess.com"]

[Event "Titled Tuesday Blitz January 25 2022"]
[White "Chernyavsky, Alexander"]
[Black "Tristan, Leonardo"]
[WhiteFideId "24131156"]
[BlackFideId "113816"]
[WhiteElo "2292"]
[BlackElo "2404"]
[Result "0-1"]
[Round "01"]
[TimeControl "180+1"]
[Date "2022.01.26"]
[WhiteClock "0:00:04"]
[BlackClock "0:00:15"]

1. d4 d5 2. c4 e6 3. Nc3 a6 4. cxd5 exd5 5. Qc2 Nf6 6. Bg5 Be6 7. e3 Nbd7 8. Nf3 Bd6 9. Bd3 c6 10. Rb1 Qc7 11. b4 h6 12. Bh4 O-O 13. Bg3 Bxg3 14. hxg3 Rfc8 15. Na4 b6 16. O-O a5 17. b5 c5 18. dxc5 bxc5 19. Rfc1 Rab8 20. Nd4 c4 21. Bf5 Bxf5 22. Qxf5 Ne5 23. Nc3 Nd3 24. Rc2 Qe5 25. Qxe5 Nxe5 26. f4 Nd3 27. Nc6 Rb7 28. Nxa5 Re7 29. e4 dxe4 30. b6 Re6 31. b7 Rb8 32. Nxc4 Nc5 33. Rcb2 Rc6 34. Rb6 Rc7 35. Na5 Nfd7 36. Nd5 Nxb6 37. Nxc7 Nba4 38. Nd5 Kh7 39. Ne7 Nc3 40. Rb4 e3 41. Kf1 e2+ 42. Ke1 Nd3+ 43. Kd2 e1=Q+ 44. Kxd3 Qxe7 45. Nc6 Qd6+ 0-1


[Site "https://www.chess.com"]

[Event "Titled Tuesday Blitz January 25 2022"]
[White "Costachi, Mihnea"]
[Black "Shubenkova, Veronika"]
[WhiteFideId "1217518"]
[BlackFideId "44124040"]
[WhiteElo "2464"]
[BlackElo "1938"]
[Result "1-0"]
[Round "01"]
[TimeControl "180+1"]
[Date "2022.01.26"]
[WhiteClock "0:02:02"]
[BlackClock "0:01:12"]

1. e4 c5 2. Nf3 e6 3. Bc4 Nc6 4. O-O a6 5. c3 b5 6. Bb3 c4 7. Bc2 Bb7 8. b3 d5 9. exd5 exd5 10. Re1+ Be7 11. d3 cxd3 12. Qxd3 Nf6 13. Nbd2 O-O 14. Ng5 g6 15. Bb2 d4 16. cxd4 Nb4 17. Qh3 Nxc2 18. d5 Bc8 19. Qh6 Qxd5 20. Bxf6 Qxg5 21. Qg7# 1-0


[Site "https://www.chess.com"]

[Event "Titled Tuesday Blitz January 25 2022"]
[White "Cunjalo, Faris"]
[Black "Danielian, Vardan"]
[WhiteFideId "14410710"]
[BlackFideId "13301594"]
[WhiteElo "2263"]
[BlackElo "2474"]
[Result "1-0"]
[Round "01"]
[TimeControl "180+1"]
[Date "2022.01.26"]
[WhiteClock "0:00:35"]
[BlackClock "0:00:02"]

1. d4 Nf6 2. c4 g6 3. Nc3 Bg7 4. e4 O-O 5. Be2 d6 6. Bg5 c5 7. d5 b5 8. cxb5 a6 9. a4 Qa5 10. Bd2 Qb4 11. Qb1 axb5 12. axb5 Rxa1 13. Qxa1 Nxe4 14. Nf3 Nxd2 15. Nxd2 Nd7 16. O-O Nb6 17. Qa7 Qxb2 18. Nde4 Bxc3 19. Nxc3 Nd7 20. Qa5 Nf6 21. Bf3 Bb7 22. Qc7 Qxc3 23. Qxb7 Qe5 24. b6 c4 25. Qc7 Nxd5 26. Qc6 Nxb6 27. Qxb6 d5 28. g3 e6 29. Qc6 Rb8 30. Kg2 Kg7 31. Qa4 Rb2 32. Qa5 Qd4 33. Qa4 h5 34. h4 Qc3 35. Qa1 Qf6 36. Qc1 c3 37. Rd1 d4 38. Qf4 e5 39. Qe4 c2 40. Rc1 d3 41. Qxd3 e4 42. Bxe4 Qb6 43. Rxc2 Rxc2 44. Qxc2 Qd4 45. Qd3 Qe5 46. Qe3 Qb5 47. Bf3 Qb2 48. Qf4 f5 49. Qd6 Kh6 50. Bd5 Qd4 51. Qf8+ Kh7 52. Bg8+ Kh8 53. Bf7+ Kh7 54. Qg8+ Kh6 55. Qxg6# 1-0


[Site "https://www.chess.com"]

[Event "Titled Tuesday Blitz January 25 2022"]
[White "Dastan, Muhammed Batuhan"]
[Black "Estrada Nieto, Julian"]
[WhiteFideId "6300014"]
[BlackFideId "5101018"]
[WhiteElo "2410"]
[BlackElo "2246"]
[Result "1-0"]
[Round "01"]
[TimeControl "180+1"]
[Date "2022.01.26"]
[WhiteClock "0:00:35"]
[BlackClock "0:00:04"]

1. d4 d5 2. c4 dxc4 3. Nf3 Nf6 4. e3 Bg4 5. Bxc4 e6 6. O-O a6 7. Be2 Nc6 8. Qb3 Rb8 9. Nc3 Be7 10. Rd1 O-O 11. h3 Bh5 12. d5 exd5 13. Nxd5 Bd6 14. Nf4 Bxf3 15. Bxf3 Ne5 16. Be2 Qe7 17. Bd2 Rfd8 18. Be1 Ne4 19. Nd5 Qe6 20. Qc2 Nf6 21. Nxc7 Bxc7 22. Qxc7 Rdc8 23. Qa5 Rc2 24. Rd8+ Rxd8 25. Qxd8+ Qe8 26. Qxe8+ Nxe8 27. Kf1 f6 28. Bc3 Nd6 29. Bd1 Rxc3 30. bxc3 Ne4 31. Bb3+ Kf8 32. Rc1 Ke7 33. Bd5 Nc5 34. Ke2 Kd6 35. e4 b5 36. f4 Ned7 37. Ke3 Nb6 38. Rd1 Kc7 39. Bg8 h6 40. g4 Nba4 41. Rc1 Kd6 42. Bb3 Nb6 43. h4 Ke7 44. Rd1 a5 45. Bd5 a4 46. Kd4 Nxd5 47. exd5 Nd7 48. Rb1 1-0


[Site "https://www.chess.com"]

[Event "Titled Tuesday Blitz January 25 2022"]
[White "De Silva, L M S T"]
[Black "Manukian, Artak"]
[WhiteFideId "9953698"]
[BlackFideId "13301373"]
[WhiteElo "1631"]
[BlackElo "2402"]
[Result "1-0"]
[Round "01"]
[TimeControl "180+1"]
[Date "2022.01.26"]
[WhiteClock "0:00:28"]
[BlackClock "0:00:03"]

1. e4 c6 2. d4 d5 3. Nc3 dxe4 4. Nxe4 Nf6 5. Nxf6+ exf6 6. c3 Bd6 7. Bd3 Na6 8. Ne2 Nc7 9. Qc2 Nd5 10. h3 h5 11. O-O O-O 12. Bd2 Re8 13. Rae1 Qc7 14. a3 b5 15. c4 bxc4 16. Bxc4 Bb7 17. Nc3 g6 18. Ne4 Kg7 19. Nc5 Bxc5 20. dxc5 Qd7 21. b4 Rxe1 22. Rxe1 Re8 23. Rxe8 Qxe8 24. Bxd5 cxd5 25. Be3 Bc6 26. Bd4 Qe1+ 27. Kh2 Qe4 28. Qb2 Qf4+ 29. g3 Qf5 30. b5 Bd7 31. h4 g5 32. hxg5 Qxg5 33. c6 Bc8 34. Bxa7 h4 35. Qc3 Qf5 36. Bd4 Qe4 37. Bxf6+ Kg6 38. Bxh4 d4 39. Qd2 d3 40. b6 Qxc6 41. Qxd3+ Bf5 42. Qe3 f6 43. Qb3 Be4 44. Qg8+ Kf5 45. Qd8 Bh1 46. Qxf6+ 1-0


[Site "https://www.chess.com"]

[Event "Titled Tuesday Blitz January 25 2022"]
[White "Di Nicolantonio, Lucas"]
[Black "Pranav, V"]
[WhiteFideId "680460"]
[BlackFideId "25060783"]
[WhiteElo "2381"]
[BlackElo "2349"]
[Result "1-0"]
[Round "01"]
[TimeControl "180+1"]
[Date "2022.01.26"]
[WhiteClock "0:00:07"]
[BlackClock "0:00:03"]

1. f4 e5 2. fxe5 d6 3. Nf3 dxe5 4. e4 Nc6 5. Bb5 Bc5 6. c3 Nf6 7. d4 exd4 8. cxd4 Bb4+ 9. Nc3 O-O 10. e5 Nd5 11. Bd2 Bg4 12. Bxc6 bxc6 13. O-O Rb8 14. h3 Bh5 15. Ne4 Be7 16. b3 f5 17. Ng3 Bg6 18. Rc1 f4 19. Ne2 Qd7 20. Kh1 Be4 21. Qe1 Qf5 22. Nxf4 Nxf4 23. Bxf4 Qxf4 24. Nd2 Bxg2+ 25. Kxg2 Qxd4 26. Nf3 Qd5 27. Rd1 Qe6 28. Qg3 Rb4 29. Nd4 Qd5+ 30. Nf3 Qc5 31. Rc1 Qb5 32. Nh2 Re4 33. Rxf8+ Bxf8 34. Re1 Qd5 35. Rxe4 Qxe4+ 36. Nf3 Bc5 37. Qg4 Qe2+ 38. Kg3 Bf2+ 39. Kf4 Qe3+ 40. Kf5 Qd3+ 41. Ke6 Qd5+ 42. Ke7 Bc5+ 43. Ke8 h5 44. Qf5 Bb4 45. Ng5 1-0


[Site "https://www.chess.com"]

[Event "Titled Tuesday Blitz January 25 2022"]
[White "Dmitrenko, Viktor"]
[Black "Gaehwiler, Gabriel"]
[WhiteFideId "14110270"]
[BlackFideId "1314530"]
[WhiteElo "2262"]
[BlackElo "2383"]
[Result "0-1"]
[Round "01"]
[TimeControl "180+1"]
[Date "2022.01.26"]
[WhiteClock "0:01:22"]
[BlackClock "0:01:08"]

1. d4 Nf6 2. c4 g6 3. Nc3 Bg7 4. e4 O-O 5. Be2 d6 6. h4 Nc6 7. Be3 e5 8. d5 Nd4 9. f3 Nh5 10. Bf2 Nf4 11. Bf1 f5 12. Qd2 Bh6 13. Be3 Nxg2+ 14. Qxg2 Bxe3 15. h5 Qg5 16. hxg6 fxe4 17. Qh2 h6 18. Nxe4 Bxg1 19. Nxg5 Bxh2 20. Rxh2 hxg5 0-1


[Site "https://www.chess.com"]

[Event "Titled Tuesday Blitz January 25 2022"]
[White "Dovbnia, Nikita"]
[Black "Jaracz, Pawel"]
[WhiteFideId "54104599"]
[BlackFideId "1102222"]
[WhiteElo "2111"]
[BlackElo "2429"]
[Result "0-1"]
[Round "01"]
[TimeControl "180+1"]
[Date "2022.01.26"]
[WhiteClock "0:01:58"]
[BlackClock "0:01:42"]

1. d4 Nf6 2. c4 e6 3. Nc3 Bb4 4. Qb3 c5 5. Nf3 O-O 6. dxc5 Na6 7. a3 Ba5 8. Qc2 Bxc3+ 9. Qxc3 Nxc5 10. b4 Nce4 11. Qc2 a5 12. b5 d5 13. e3 Ng4 14. cxd5 exd5 15. h3 Ngxf2 16. Rg1 Bf5 17. Bb2 Rc8 18. Qb3 Nc5 19. Qa2 Ncd3+ 20. Bxd3 Nxd3+ 21. Kf1 Rc2 22. Rb1 Rf2# 0-1


[Site "https://www.chess.com"]

[Event "Titled Tuesday Blitz January 25 2022"]
[White "Efimenko, Zahar"]
[Black "Bambino Filho, Antonio Carlos"]
[WhiteFideId "14107201"]
[BlackFideId "2113163"]
[WhiteElo "2528"]
[BlackElo "2427"]
[Result "1-0"]
[Round "01"]
[TimeControl "180+1"]
[Date "2022.01.26"]
[WhiteClock "0:01:32"]
[BlackClock "0:00:33"]

1. Nf3 c5 2. e3 Nc6 3. d4 cxd4 4. exd4 d5 5. c3 Bf5 6. Be2 e6 7. O-O Nf6 8. Nbd2 h6 9. Re1 Bd6 10. Nf1 O-O 11. Ng3 Bh7 12. Bb5 Qb6 13. Qe2 a6 14. Bxc6 bxc6 15. Ne5 c5 16. Be3 cxd4 17. Bxd4 Bc5 18. Rad1 Rab8 19. b3 Rfc8 20. Nh5 Bxd4 21. Rxd4 Rc7 22. Nxf6+ gxf6 23. Ng4 f5 24. Nf6+ Kg7 25. Qe5 1-0


[Site "https://www.chess.com"]

[Event "Titled Tuesday Blitz January 25 2022"]
[White "Eljanov, Pavel"]
[Black "Skytte, Rasmus"]
[WhiteFideId "14102951"]
[BlackFideId "1404210"]
[WhiteElo "2601"]
[BlackElo "2430"]
[Result "1-0"]
[Round "01"]
[TimeControl "180+1"]
[Date "2022.01.26"]
[WhiteClock "0:01:08"]
[BlackClock "0:00:04"]

1. d4 Nf6 2. Bf4 c5 3. dxc5 Nc6 4. Nf3 Qa5+ 5. Nc3 Qxc5 6. e4 Qa5 7. Qd2 d6 8. O-O-O Bg4 9. Be2 Rc8 10. Kb1 h6 11. Rhe1 g5 12. Be3 Bg7 13. Nd4 Bxe2 14. Qxe2 O-O 15. Nf5 Nxe4 16. Nxh6+ Bxh6 17. Nxe4 Nb4 18. a3 Nxc2 19. Qh5 Nxa3+ 20. bxa3 Qb5+ 21. Ka1 Bg7+ 22. Bd4 Rc2 23. Bxg7 Kxg7 24. Qxg5+ Qxg5 25. Nxg5 Rxf2 26. Rxe7 Rxg2 27. h4 Rg4 28. Rxb7 Kg6 29. Rxd6+ Kh5 30. Rxf7 Rxf7 31. Nxf7 Kxh4 32. Ra6 Rf4 33. Ne5 Re4 34. Nd3 Re3 35. Nb4 Re7 36. Nc6 Re6 37. Kb2 Kg4 38. Kc3 Kf4 39. Kd4 Kf3 40. Kd5 Re1 41. Rxa7 Rd1+ 42. Kc5 Rc1+ 43. Kb5 Rb1+ 44. Nb4 1-0


[Site "https://www.chess.com"]